 Dungeon Crawl Stone Soup version 0.29.0-4-gdea44cf6ec (webtiles) character file.

Game seed: 2288295465187602008

51 qw the Chopper (level 3, -1/21 HPs)
             Began as a Tengu Warper on Aug 28, 2022.
             Slain by a gnoll
             ... wielding a +2 spear of flaming
              (3 damage)
             ... on level 2 of the Dungeon.
             The game lasted 00:00:05 (1493 turns).

qw the Chopper (Tengu Warper)                       Turns: 1493, Time: 00:00:05

Health: -1/21      AC:  3    Str: 13    XL:     3   Next: 81%
Magic:  7/7        EV: 12    Int: 13    God:
Gold:   46         SH:  0    Dex: 13    Spells: 6/6 levels left

rFire   . . .      SeeInvis .   Y - +1 hand axe
rCold   . . .      Faith    .   (no shield)
rNeg    . . .      Spirit   .   b - +0 leather armour
rPois   .          Reflect  .   (helmet restricted)
rElec   .          Harm     .   (no cloak)
rCorr   .          Rampage  .   (no gloves)
Will    .....                   (boots unavailable)
Stlth   +.........              (no amulet)
HPRegen 0.07/turn               (no ring)
MPRegen 0.10/turn               (no ring)

@: no status effects
A: beak, talons 3
a: no special abilities


You were on level 2 of the Dungeon.
You visited 1 branch of the dungeon, and saw 2 of its levels.

You collected 46 gold pieces.


Innate Abilities, Weirdness & Mutations

You have a beak for a mouth.
You have claws for feet.


   Skills:
 - Level 2.0 Fighting
 + Level 4.4 Axes
 - Level 1.0 Throwing
 - Level 1.1 Armour
 - Level 2.1 Dodging
 - Level 2.0 Spellcasting
 - Level 2.4 Translocations


You had 6 spell levels left.
You didn't know any spells.
Your spell library contained the following spells:

 Spells                   Type           Power      Damage    Failure   Level
 Blink                    Tloc           14%        N/A       19%         2
 Gell's Gravitas          Tloc           7%         N/A       36%         3
 Lesser Beckoning         Tloc           7%         N/A       36%         3
 Teleport Other           Tloc           7%         N/A       36%         3
 Manifold Assault         Tloc           7%         N/A       98%         5

Inventory:

Hand Weapons
 f - a +0 whip
 Y - a +1 hand axe (weapon)
Armour
 b - a +0 leather armour (worn)
Scrolls
 g - a scroll of identify
Potions
 e - a potion of degeneration {unknown}
 j - a potion of heal wounds {unknown}

Dungeon Overview and Level Annotations

Branches:
Dungeon (2/15)

Altars:


Message History

The worm bites you.
You hit the worm. Your kick misses the worm.
The worm is severely wounded.
You hit the worm. You claw the worm.
You kill the worm!
You start resting.
HP restored.
A gnoll comes into view. It is wielding a +0 spear.
You see here a +0 club.
The gnoll shouts!
A bat comes into view.
The bat misses you. The bat hits you but does no damage.
A gnoll comes into view. It is wielding a +2 spear of flaming.
You hit the bat.
You kill the bat!
A gnoll comes into view. It is wielding a +0 club.
The gnoll hits you with a +0 spear.
You hit the gnoll.
The gnoll is lightly wounded.
The gnoll barely misses you.
You hit the gnoll but do no damage. You claw the gnoll. You peck the gnoll.
The gnoll is heavily wounded.
The gnoll misses you.
You closely miss the gnoll. You peck the gnoll, but do no damage.
The gnoll is heavily wounded.
The gnoll barely misses you.
You hit the gnoll.
The gnoll is almost dead.
The gnoll hits you with a +0 spear.
You hit the gnoll but do no damage. Your kick misses the gnoll.
You peck the gnoll.
You kill the gnoll!
The gnoll hits you from afar with a +2 spear of flaming.
The gnoll burns you. The gnoll barely misses you.
You hit the gnoll.
The gnoll is lightly wounded.
The gnoll hits you with a +2 spear of flaming.
The gnoll burns you.
You die...

#....# ..#.
#...........#
...........
###########.# ##.#......
.#.#......# #.#
#.####...# #.#.####.#
#.# ... ... ..#.# #.#
#.# ....#.. #.#.# #.#
#.# ....g##.#.#
#.####.## . #.g.#.#.#
#.......#
....#.#@#.#.############
......)...).......#
.##.#.#.#.#.#####.#
#.#.#.#.# # #.#.#..
#.#.#### #.#.. #.### #.#


You could see 2 gnolls.

Vanquished Creatures
  A gnoll (D:2)
  2 adders (D:2)
  A worm (D:2)
  An orc (D:2)
  2 ball pythons (D:1)
  2 bats
  A giant cockroach (D:1)
  2 goblins (D:1)
  2 hobgoblins (D:1)
  2 quokkas (D:1)
  A frilled lizard (D:1)
  A rat (D:1)
18 creatures vanquished.

Notes
Turn   | Place    | Note
-------+----------+-------------------------------------------
     0 | D:1      | qw the Tengu Warper began the quest for the Orb.
     0 | D:1      | Reached XP level 1. HP: 12/12 MP: 4/4
     0 | D:1      | 0 ||| qw: Version: 0.1-a-89-g26bdef1
     0 | D:1      | 0 ||| qw: Game counter: 1170
     0 | D:1      | 0 ||| qw: Always use a shield: true
     0 | D:1      | 0 ||| qw: God list: Okawaru
     0 | D:1      | 0 ||| qw: Allow faded altars: false
     0 | D:1      | 0 ||| qw: Do Orc after D:15 true
     0 | D:1      | 0 ||| qw: Do second Lair branch before Depths: true
     0 | D:1      | 0 ||| qw: Lair rune preference: random
     0 | D:1      | 0 ||| qw: Plans: Normal
     0 | D:1      | 0 ||| PLANNING D:1-11
   495 | D:1      | Reached XP level 2. HP: 14/17 MP: 6/6
   627 | D:1      | Reached skill level 3 in Axes
  1196 | D:1      | 1196 ||| READING scroll labelled AHUJYQ ULEOWIL.
  1197 | D:1      | 1197 ||| READING 2 scrolls labelled BIMOLURATE.
  1198 | D:1      | 1198 ||| READING scroll labelled SODU OWARIRUU.
  1199 | D:1      | 1199 ||| READING scroll labelled QELUSCH RIUCW.
  1200 | D:1      | 1200 ||| DROPPING scroll of blinking.
  1226 | D:2      | Reached XP level 3. HP: 21/21 MP: 7/7
  1257 | D:2      | Reached skill level 4 in Axes
  1493 | D:2      | HP: 2/21 [gnoll/+2 spear of flaming (5)]
  1493 | D:2      | Slain by a gnoll

Levels and vault maps discovered:
D:1:      minmay_arrival_glassed_features, layout_basic,
          minmay_stone_trees_small, patterned_corridor
D:2:      layout_basic, shapermc_ecumenical_altar_venn, chequers_jeans

Skill      XL: |  1  2  3 |
---------------+----------+-----
Axes           | 3 4 |  4.4
Fighting       | |  2.0
Throwing       | |  1.0
Armour         | |  1.1
Dodging        | |  2.1
Spellcasting   | |  2.0
Translocations | |  2.4

Action                   || total
-------------------------++-------
Melee: Hand axe          ||    58
       Kick              ||     9
       Peck              ||     8
       Punch             ||     1
Throw: Boomerang         ||     7
  Use: Scroll            ||     4
Armor: Leather armour    ||    13
Dodge: Dodged            ||    31

Table legend:
 A = Non-vault XP
 B = Vault XP
 C = Vault XP percentage of total XP
 D = Non-vault monster count
 E = Vault monster count
 F = Vault count percentage of total count
                 A         B        C        D         E       F
            +---------+---------+-------+---------+---------+-------
      Total |      73 |       0 |   0.0 |      18 |       0 |   0.0
            +---------+---------+-------+---------+---------+-------
        D:1 |      22 |       0 |   0.0 |      12 |       0 |   0.0
        D:2 |      51 |       0 |   0.0 |       6 |       0 |   0.0
            +---------+---------+-------+---------+---------+-------
